[Event "AI Cup Div-3 2023"]
[Site "Online"]
[Date "2023.09.28"]
[Round "57.2"]
[White "Sevian, Samuel"]
[Black "Robson, Ray"]
[Result "0-1"]
[Annotator "TA"]
[ECO "D05"]
[WhiteElo "2698"]
[BlackElo "2699"]
[PlyCount "132"]
[EventDate "2023.09.18"]
[EventType "k.o."]
[EventCountry "NET"]
[SourceTitle "playchess.com"]
[Source "ChessBase"]
[SourceQuality "1"]
[TimeControl "900+3"]

1. d4 Nf6 2. Nf3 d5 3. c3 c5 4. e3 b6 {[%emt 0:01:04] [#]} 5. c4 $146 ({Predecessor:} 5. Bb5+ Bd7 6. Bd3 g6 7. Nbd2 Bg7 8. Qe2 O-O 9. dxc5 bxc5 10. e4 e6 11. e5 Ne8 12. O-O Nc6 13. Re1 {½-½ Jasny,S (2299)-Mannion,S (2271) Marianske Lazne IM-B3 20th 2022 (2)}) 5... cxd4 6. exd4 {[%emt 0:01:03] D05: Colle System with ...e6.} g6 7. Nc3 {[%emt 0:00:25] Threatening cxd5.} Bg7 8. Bg5 {[%emt 0:00:10] The position is equal.} O-O 9. Bxf6 Bxf6 10. cxd5 Na6 11. Bc4 Nc7 12. h3 Bb7 13. Qb3 b5 14. Bxb5 (14. Nxb5 $11 Nxd5 15. O-O) 14... Rb8 $1 $17 15. Be2 Nxd5 (15... Bxd5 16. Qa3) 16. Nxd5 Bxd5 17. Qa3 Qb6 {[%emt 0:01:58][%csl LRb2,LRd4] Black is more active.} 18. Rb1 Be4 {[%emt 0:01:07] A strong pair of Bishops.} 19. Bd3 (19. Rd1 $17) 19... Bxf3 $19 20. gxf3 Qxd4 {[%emt 0:00:27] Threatens to win with ...Qh4.} 21. Be4 {[%emt 0:00:13] White is weak on the dark squares} Rb5 (21... Rxb2 22. Rxb2 Qxb2 23. Qxb2 Bxb2 24. Ke2 $17) 22. Qe3 Qa4 (22... Rxb2 23. Qxd4 Rxb1+ 24. Bxb1) 23. Qa3 Qc4 {[%emt 0:00:12] ...Rd8 is the strong threat.} 24. Qd3 {[%emt 0:00:01] Prevents Rd8} Qa4 25. Qa3 $1 Qd4 26. Qe3 $1 Qd7 27. Rd1 Qc7 28. b3 Bg5 29. Qd3 Rc5 30. Kf1 e6 31. Qd6 (31. Qe2 $17) 31... Qa5 {[%emt 0:00:02] ...Rd8 would be deadly.} 32. h4 $2 (32. Kg2) 32... Bf6 $2 (32... Rd8 $19 {and Black stays clearly on top.} 33. Qxd8+ Bxd8) 33. Kg2 Rh5 34. a4 Bxh4 {[%emt 0:00:02] Hoping for ...Rd8.} 35. f4 (35. Qd2 $17 {might work better.} Qc7 36. Rc1) 35... Bf6 $2 (35... Rd8 $19 36. b4 Rxd6 37. bxa5 Rxd1 38. Rxd1 Rxa5) 36. Bf3 $2 ({Better is} 36. b4 $1 $15 Qxa4 37. Rxh5 gxh5 38. f5) 36... Rxh1 37. Rxh1 Rd8 38. Qc6 Qb4 39. Qc4 Qxc4 40. bxc4 {[%emt 0:00:00][%mdl 4096] Endgame KRB-KRB} Rd4 41. Rc1 (41. f5 {was necessary.}) 41... Rxf4 42. c5 Bd8 (42... Rxa4 43. c6 Be5 44. c7 Bxc7 45. Rxc7 $15) 43. Rd1 Ba5 44. Rd7 Rc4 (44... Rxa4 45. Rxa7 Kf8 46. c6 $18) 45. c6 Bb6 ({Resist} 45... Rxa4 46. Rxa7 Kg7 47. Ra8 $18) 46. a5 Bxa5 47. Rxa7 {[%emt 0:00:01] [#]} Rc5 48. Bd1 Kg7 49. Ba4 Kf6 50. Rb7 h5 51. f4 $2 (51. Rb5 Rxb5 52. Bxb5) 51... Rc4 52. Bb5 Rb4 {[%emt 0:00:05][%cal Oa5c7] Strongly threatening ...Bc7!} ({Stronger than} 52... Rxf4 53. Ra7 Bb6 54. Rb7 $15) 53. Bd3 $2 (53. Ba6 Ra4 54. Bd3 Ra2+ 55. Kg1) 53... Rxb7 {[%emt 0:00:03][%mdl 64] Remove Defender} ({Worse is} 53... Rxf4 54. Ra7 Rg4+ 55. Kf3 $17) 54. cxb7 {[%emt 0:00:00] KB-KB} Bc7 55. Kf3 g5 $2 (55... Bb8 $19 {has better winning chances.} 56. Ke4 Ke7) 56. fxg5+ $17 Kxg5 57. Bb5 $2 (57. Bc4 $17) 57... f5 58. Ke3 Kg4 59. Be2+ {[%emt 0:00:02] [#]} Kg5 $2 (59... Kh4 $1 $19 60. Bf3 Bd6) 60. Bf1 $2 (60. Bb5 $11 e5 61. Kf2) 60... e5 $19 {[%emt 0:00:04][%cal Be6e5,Be5e4,Be4e3][%mdl 32] Black is clearly winning.} 61. Bh3 Bb6+ 62. Kd3 Ba7 63. Kc4 e4 64. Kd5 Kf4 65. Ke6 e3 66. Bf1 h4 {[%emt 0:00:03] Weighted Error Value: White=0.70/Black=0.44} 0-1

[Event "AI Cup Div-3 2023"]
[Site "Online"]
[Date "2023.09.28"]
[Round "57.3"]
[White "Robson, Ray"]
[Black "Sevian, Samuel"]
[Result "0-1"]
[Annotator "TA"]
[ECO "C83"]
[WhiteElo "2699"]
[BlackElo "2698"]
[PlyCount "98"]
[EventDate "2023.09.18"]
[EventType "k.o."]
[EventCountry "NET"]
[SourceTitle "playchess.com"]
[Source "ChessBase"]
[SourceQuality "1"]
[TimeControl "900+3"]

1. e4 e5 2. Nf3 Nc6 3. Bb5 a6 4. Ba4 Nf6 5. O-O Nxe4 6. d4 b5 7. Bb3 d5 8. dxe5 Be6 9. c3 Be7 10. Nbd2 O-O 11. Bc2 f5 12. Nb3 {[%emt 0:00:06] 12.exf6 is the fancy move.} Qd7 13. Qe1 {[%emt 0:00:05] C83: Open Ruy Lopez: 9 c3 Be7.} Bf7 14. Nbd4 {[%emt 0:00:19] next Nxc6 is good for White.} Nd8 {[%emt 0:00:06] [#]} 15. e6 $146 {[%emt 0:00:04] The position is equal.} ({Predecessor:} 15. b4 Bh5 16. Bb2 Bxf3 17. Nxf3 Ne6 18. Rd1 c6 19. a4 Qc7 20. Nd4 Nxd4 21. cxd4 {½-½ So,W (2765)-Anand,V (2773) Tata Steel India blitz 2018 (1)}) 15... Bxe6 (15... Nxe6 16. Ne5 Qe8 17. Nxf5 $14) 16. Ne5 Qc8 17. f3 Nd6 18. Nec6 Nxc6 19. Qxe6+ Qxe6 20. Nxe6 Rfc8 21. Nf4 d4 22. Nd5 dxc3 23. bxc3 g6 24. Bf4 Nc4 25. Nxc7 Bc5+ 26. Kh1 Ra7 27. Ne6 Be3 {[%emt 0:00:13] [#] aiming for ...Re7.} 28. Rfe1 (28. Rae1 $5 Bb6 29. Bb3 $11) 28... Bxf4 (28... Bb6 $5 ) 29. Nxf4 Re7 30. Bb3 Kf7 31. Rxe7+ Kxe7 32. Bxc4 bxc4 $11 {[%emt 0:00:04][%mdl 4096] Endgame KRN-KRN} 33. Nd5+ Kd6 34. Nb6 (34. Rd1 $5 Kc5 35. Nf4 $11) 34... Re8 35. Rd1+ Kc5 36. Nd7+ Kb5 37. h4 Na7 {[%emt 0:01:35] ...Re3 is the strong threat.} 38. Rd6 ({Better is} 38. Rb1+ $11 Kc6 39. Nb8+ Kd6 40. Rd1+ Kc7 41. Nxa6+ Kb7 42. Nb4) 38... Nc8 $15 39. a4+ $2 {[%emt 0:00:35] Now White is beyond hope.} Kxa4 $19 40. Rxa6+ Kb3 41. Nf6 (41. h5 {keeps fighting.}) 41... Rd8 (41... Re1+ $2 42. Kh2 $19) 42. Nxh7 $2 (42. Ra5 {was forced.}) 42... Kxc3 {[%emt 0:00:07] Black is clearly winning.} ({Inferior is} 42... Rh8 43. Nf6 $17) 43. Rxg6 Kd2 44. Rc6 c3 45. Kh2 c2 46. Kg3 Ne7 ({Weaker is} 46... c1=B 47. h5 $15) 47. Rc5 Nd5 {[%emt 0:00:10] ( -> ...Nc3)} ({And not} 47... c1=B 48. Rb5 $17) 48. Rxc2+ Kxc2 49. h5 Rh8 {[%emt 0:00:04] Weighted Error Value: White=0.50/Black=0.04 (flawless)} 0-1

[Event "AI Cup Div-3 2023"]
[Site "Online"]
[Date "2023.09.28"]
[Round "58.1"]
[White "Alekseev, Evgeny"]
[Black "Sevian, Samuel"]
[Result "1/2-1/2"]
[Annotator "TA"]
[ECO "B07"]
[WhiteElo "2573"]
[BlackElo "2698"]
[PlyCount "150"]
[EventDate "2023.09.18"]
[EventType "k.o."]
[EventCountry "NET"]
[SourceTitle "playchess.com"]
[Source "ChessBase"]
[SourceQuality "1"]
[TimeControl "900+3"]

1. e4 g6 2. d4 Bg7 3. Nf3 d6 4. Bd3 Nf6 5. O-O O-O 6. Re1 Nc6 {[%emt 0:00:01] B07: Pirc Defence: Miscellaneous Systems.} 7. d5 Nb4 8. Bf1 Bg4 {[%emt 0:00:03] White has an edge.} 9. Nbd2 a5 10. h3 {[%emt 0:00:20] [#]} Bxf3 $146 ({Predecessor:} 10... Bd7 11. c3 Na6 12. Nc4 e6 13. dxe6 Bxe6 14. Bf4 Nc5 15. e5 dxe5 16. Bxe5 Qxd1 17. Rexd1 {½-½ Alekseev,E (2620)-Chatalbashev,B (2542) Ferreira do Alentejo 2nd 2019 (5)}) 11. Nxf3 c6 12. c3 Na6 13. dxc6 bxc6 14. e5 Nd5 15. exd6 exd6 16. Bg5 Nf6 (16... Qc7 $11) 17. Nd4 $14 Qb6 18. Qf3 (18. Bf4 $5 ) 18... Nd5 19. Rad1 {[%emt 0:00:19][%cal Od4c6] Black must now prevent Nxc6!} Nac7 $1 20. Bc1 Rae8 21. Nc2 $36 {[%emt 0:00:21][%mdl 2048] White has good play.} Rxe1 22. Nxe1 Ne8 23. Nc2 Ndc7 24. Qe3 Qb7 25. Nd4 a4 26. Qe7 Qa8 27. a3 {[%emt 0:01:04] White has more active pieces.} (27. Qd7 $142 $1) 27... Nd5 $16 28. Qd7 c5 (28... Bxd4 $16 29. Rxd4 Nb6) 29. Qc6 (29. Nc6 $18) 29... Nec7 30. Qxa8 Rxa8 31. Nb5 Rd8 32. Bc4 Nxb5 (32... Nb6 $1 $14) 33. Bxb5 Nb6 {[%emt 0:00:02] [#]} 34. Bg5 $1 f6 {[%emt 0:00:12] [#]} 35. Be3 {[%emt 0:00:03] Hoping for Bxc5.} Bf8 (35... d5 $142 36. Bxc5 Rb8) 36. Bxc5 $18 {[%emt 0:00:03][%mdl 64] Pin} Rb8 37. Bd4 (37. Bxd6 $2 {perishes.} Rd8 38. Rd2 Rxd6 $19) 37... Kf7 38. Rd2 Bh6 39. Re2 d5 40. Bc5 {[%emt 0:00:17] Re7+ would be deadly. This pair of bishops is nice.} Bf8 41. Bxb6 Rxb6 42. Bxa4 {[%emt 0:00:01][%mdl 4096] Endgame KRB-KRB} Bh6 (42... f5 $142 43. Be8+ Kf6) 43. Rc2 Ke7 44. Kf1 f5 45. Ke2 Kd6 46. Kd3 Rb8 47. g3 g5 (47... Rb7 $16 {keeps fighting.} 48. h4 Re7) 48. Re2 g4 49. hxg4 fxg4 50. Kc2 {[%emt 0:00:05] Prevents Bc1.} Bg7 51. Re8 Rb6 (51... Rxe8 $142 52. Bxe8 d4) 52. Rg8 Rb7 53. Rd8+ Ke5 $2 (53... Ke6 {was necessary.} 54. Bc6 Bf6 55. Bxd5+ Ke5) 54. Rd7 Rxd7 55. Bxd7 {[%emt 0:00:01] KB-KB} h5 56. Kd3 (56. b4 $142) 56... Bh6 $2 (56... Bf6 57. Be8 h4) 57. b4 Bg5 58. a4 Kd6 59. Bf5 Bf6 60. a5 Kc6 61. Be6 {[%emt 0:00:02] And now c4 would win.} Bd8 62. Bf5 $2 (62. a6 $18 Bb6 63. Bxd5+ Kb5 64. Bc4+ Ka4 65. Ke2) 62... Be7 $2 (62... Bf6 $11 63. c4 h4 64. Bxg4 hxg3 65. fxg3 dxc4+ 66. Kxc4 Kb7) 63. Bc8 Bf8 64. Be6 {[%emt 0:00:04] Strongly threatening Bf7.} Be7 65. a6 Kb6 66. Bxd5 Kxa6 67. Kc4 h4 68. Kd3 $2 (68. Kb3 $18 {and the rest is easy.}) 68... hxg3 $16 69. fxg3 Bd6 70. Be6 Kb6 71. Bxg4 Bxg3 72. c4 ({Better is} 72. Kc2 $16) 72... Bd6 (72... Be1 $1 $11) 73. Kc3 {[%emt 0:00:00] White is better.} Be7 74. Kb3 Bd6 75. Ka4 Be7 {[%emt 0:00:01] Weighted Error Value: White=0.16 (very precise) /Black=0.24 (precise)} 1/2-1/2

[Event "AI Cup Div-3 2023"]
[Site "Online"]
[Date "2023.09.28"]
[Round "58.2"]
[White "Sevian, Samuel"]
[Black "Alekseev, Evgeny"]
[Result "1-0"]
[Annotator "TA"]
[ECO "A31"]
[WhiteElo "2698"]
[BlackElo "2573"]
[PlyCount "93"]
[EventDate "2023.09.18"]
[EventType "k.o."]
[EventCountry "NET"]
[SourceTitle "playchess.com"]
[Source "ChessBase"]
[SourceQuality "1"]
[TimeControl "900+3"]

1. c4 c5 2. Nf3 Nc6 3. d4 cxd4 4. Nxd4 Qb6 5. Nc2 Nf6 6. Nc3 e6 $1 {[%emt 0:00:02] A31: Symmetrical English: 2 Nf3 Nf6 3 d4.} (6... Ng4 7. e3 Nf6 8. Be2 $14) 7. e4 Bc5 8. Qd2 {[%emt 0:00:02] [#]} Be7 $146 (8... Ng4 $11 9. Nd1 O-O) ({Predecessor:} 8... O-O 9. Na4 Bb4 10. Nxb6 Bxd2+ 11. Bxd2 axb6 12. Be3 d5 13. exd5 exd5 14. cxd5 Nxd5 {½-½ Artemiev,V (2701)-Caruana,F (2764) Chessable Masters Div 1 Win rapid 2023 (2.1)}) 9. Be2 $14 O-O 10. O-O Qc7 11. f4 d6 12. b3 b6 13. Bb2 Bb7 14. Rad1 Rad8 15. Bf3 Qb8 16. Kh1 Rfe8 17. g4 Bf8 18. g5 Nd7 19. Ne3 a6 (19... Nc5 $14) 20. Ng4 $16 e5 21. Nd5 exf4 22. Qxf4 Nce5 23. Nge3 Ng6 24. Qg3 {[%emt 0:00:02] White is much more active.} Nc5 {[%emt 0:00:14] [#]} (24... b5 $16) 25. Nf5 (25. Nxb6 $6 Nxe4 26. Qg1 Nxg5 27. Qxg5 Bxf3+ 28. Rxf3 Qxb6 $14) (25. h4 $1 $18) 25... Bxd5 26. exd5 b5 27. cxb5 Qxb5 28. h4 $36 {[%emt 0:00:03][%mdl 2048] Threatens to win with h5. White has strong initiative.} Ne5 29. h5 {[%emt 0:00:51][%cal Of5h6] [#] Nh6+! would be deadly.} Qd7 30. Bg2 a5 (30... g6 $1 $14 31. Ne3 Bg7) 31. Rf4 $18 Qb7 $2 (31... g6 $16 {might work better.}) 32. Nd4 $2 (32. Nh6+ $18 gxh6 33. Rdf1 hxg5 34. Qxg5+ Bg7 35. h6 {[%mdl 64] Pin}) 32... Ra8 (32... a4 $16) 33. Nc6 Ncd7 (33... Qb5 $142) 34. Rdf1 a4 (34... Qa6 $142 35. R4f2 Rac8) 35. b4 (35. Rxa4 Rxa4 36. Bxe5 Rxa2 37. Bxd6 Ree2 $17) 35... a3 36. Ba1 {[%emt 0:00:02] This pair of bishops is nice.} (36. Bxa3 Qa6 $16) 36... Rac8 37. h6 (37. Qxa3 Ra8 38. Qb3 Qa6 $18) 37... g6 38. Qc3 (38. Qxa3 Ra8 39. Qb3 Qa6) 38... f6 (38... Qa6 $142 39. R4f2 Qa4) 39. gxf6 {[%emt 0:00:06] f7+ would kill now.} Nf7 40. Bh3 ({Don't do} 40. Qxa3 Ra8 41. Qb3 Re2 $18) 40... Bxh6 $2 (40... Re5 {was worth a try.} 41. Rc4 (41. Qxa3 Rh5 $18) 41... Rce8 42. Nxe5 (42. Qxa3 Rh5 $14) 42... Ndxe5) 41. Rc4 {[%emt 0:00:06] Strongly threatening Ne7+.} Bf8 {[%emt 0:00:46] Wards off Ne7+} (41... Kf8) 42. Be6 (42. Ne7+ $142 Kh8 43. Rxc8 Rxc8 44. Qxc8 Qxc8 45. Nxc8) 42... Rxe6 43. dxe6 Nde5 44. exf7+ Kxf7 45. b5 Qxb5 46. Nxe5+ dxe5 47. Rc7+ {[%emt 0:00:09] An entertaining game by Sevian.   Weighted Error Value: White=0.43/Black=0.49} 1-0